AoeStats
← Orange Juice

Arabia

509238154Analyzed
2v2 RM · 7d ago on Sep 26, 2026· 78m 26s· 4 players
Game mode
Random Map
Map size
Medium (4 player)
Population
200
Speed
Normal
Resources
Standard
Victory
Conquest
Starting age
Dark Age
Ending age
Imperial Age
RankedLock teamsTeams togetherTeam positionsShared explorationLock speedFull tech treeHidden civsTurbo modeCheats
Victory
Defeat
🇨🇦 Hindustanis · Canada
993
+15
🇸🇪 Saracens · Sweden
920
+17
🇵🇪 Magyars · Peru
962
-16
🇵🇪 Bulgarians · Peru
952
-16
Orange Juice
7:16 Loom
10:06 Feudal Age
10:19 Feudal Age
11:19 Double-Bit Axe
20:13 Castle Age
18:33 Horse Collar
20:27 Wheelbarrow
21:37 Town Watch
22:04 Bow Saw
27:10 Hand Cart
27:32 Fletching
28:46 Thumb Ring
28:03 Crossbowman
30:11 Padded Archer Armor
35:57 Leather Archer Armor
35:38 Bodkin Arrow
42:01 Scale Barding Armor
44:53 Gold Mining
44:53 Stone Mining
45:29 Chain Barding Armor
45:20 Forging
45:40 Scale Mail Armor
46:11 Husbandry
47:09 Bloodlines
48:53 Gold Shaft Mining
49:04 Ballistics
49:42 Iron Casting
49:23 Chain Mail Armor
51:58 Masonry
54:27 Imperial Age
55:59 Imperial Age
57:19 Imperial Age
58:46 Elite Mameluke
72:14 Caravan
73:11 Light Cavalry
74:20 Hussar
TheKiddO233
6:21 Loom
8:53 Feudal Age
11:07 Double-Bit Axe
11:04 Horse Collar
16:22 Fletching
22:20 Castle Age
21:20 Scale Barding Armor
23:00 Bloodlines
23:42 Gold Mining
27:33 Forging
30:31 Chain Barding Armor
30:47 Iron Casting
31:03 Husbandry
31:58 Wheelbarrow
33:06 Devotion
36:45 Imperial Age
34:31 Hand Cart
35:20 Padded Archer Armor
35:43 Bodkin Arrow
37:24 Leather Archer Armor
38:29 Chemistry
39:28 Ring Archer Armor
43:32 Shatagni
43:53 Conscription
46:33 Light Cavalry
47:50 Plate Barding Armor
48:15 Blast Furnace
48:54 Bow Saw
49:28 Elite Skirmisher
51:49 Town Watch
52:01 Hussar
55:00 Scale Mail Armor
58:03 Chain Mail Armor
66:34 Caravan
70:01 Heavy Plow
70:47 Coinage
76:10 Grand Trunk Road
Vane
10:44 Feudal Age
9:00 Loom
11:13 Double-Bit Axe
21:30 Castle Age
20:54 Horse Collar
25:43 Wheelbarrow
25:51 Scale Barding Armor
26:13 Bloodlines
28:46 Heavy Plow
31:31 Bow Saw
31:22 Gold Mining
34:27 Imperial Age
32:00 Fletching
33:02 Murder Holes
34:21 Bodkin Arrow
34:20 Stone Mining
37:02 Chemistry
38:16 Padded Archer Armor
38:08 Crossbowman
38:54 Thumb Ring
40:24 Hand Cart
40:14 Bracer
41:49 Arbalester
43:48 Gold Shaft Mining
44:45 Corvinian Army
45:01 Pikeman
46:35 Leather Archer Armor
47:12 Chain Barding Armor
47:16 Elite Skirmisher
52:58 Two-Man Saw
57:30 Elite Magyar Huszar
59:25 Ballistics
jealjhony
10:16 Feudal Age
10:48 Double-Bit Axe
11:22 Loom
19:53 Castle Age
17:38 Horse Collar
20:05 Gold Mining
20:31 Forging
22:10 Iron Casting
22:53 Wheelbarrow
22:39 Scale Mail Armor
25:06 Pikeman
31:25 Imperial Age
29:50 Chain Mail Armor
29:56 Heavy Plow
30:28 Bow Saw
30:16 Gambesons
30:34 Squires
31:28 Hand Cart
31:02 Light Cavalry
32:18 Bloodlines
32:14 Halberdier
33:46 Hussar
36:40 Husbandry
38:15 Blast Furnace
37:22 Scale Barding Armor
37:47 Plate Mail Armor
42:13 Chain Barding Armor
42:17 Arson
42:53 Stirrups
46:26 Fletching
47:17 Plate Barding Armor
47:28 Elite Skirmisher
48:19 Bodkin Arrow
51:32 Ballistics
52:13 Chemistry
53:57 Elite Konnik
Connection lost

Rejoining the realm…

Still unreachable

The connection could not be restored.

Session expired

The server has moved on; the page needs a fresh start.